 Dungeon Crawl Stone Soup version 0.28-a0-628-g3c9886e45e (webtiles) character file.

Game seed: 5312974201733383006

163 Sabo the Covered (level 5, 0/42 HPs)
             Began as a Formicid Fighter on Oct 8, 2021.
             Was a High Priest of Ignis.
             Slain by an orc (3 damage)
             ... on level 3 of the Dungeon.
             The game lasted 00:16:26 (3031 turns).

Sabo the Covered (Formicid Fighter)                 Turns: 3031, Time: 00:16:26

Health: 0/42       AC:  7    Str: 20    XL:     5   Next: 72%
Magic:  5/5        EV:  8    Int:  8    God:    Ignis [*****.]
Gold:   63         SH:  8    Dex: 11    Spells: 4/4 levels left

rFire   + . .      SeeInvis +   a - +0 quarterstaff
rCold   . . .      Faith    .   t - +0 kite shield
rNeg    . . .      Spirit   .   b - +0 scale mail
rPois   +          Reflect  .   (helmet unavailable)
rElec   .          Harm     .   (no cloak)
rCorr   .          Rampage  .   (no gloves)
Will    .....                   (no boots)
Stlth   ..........              (no amulet)
HPRegen 0.14/turn               n - ring of poison resistance
MPRegen 0.09/turn               (no ring)

@: no status effects
A: permanent stasis, dig shafts and tunnels, antennae 3, four strong arms
a: Dig, Shaft Self, Renounce Religion, Sea of Fire, Foxfire Swarm, Rising Flame


You were on level 3 of the Dungeon.
You worshipped Ignis.
Ignis was extremely pleased with you.
You visited 1 branch of the dungeon, and saw 3 of its levels.

You collected 63 gold pieces.

Inventory:

Hand Weapons
 a - a +0 quarterstaff (weapon)
 d - a +0 hunting sling
 p - a +1 vampiric whip
Missiles
 h - 12 arrows
 i - 42 sling bullets
 j - 4 curare-tipped darts
 o - 4 javelins (quivered)
Armour
 b - a +0 scale mail (worn)
 t - a +0 kite shield (worn)
Jewellery
 n - a ring of poison resistance (left hand)
Scrolls
 f - a scroll of teleportation {unknown}
 k - a scroll of magic mapping {unknown}
 q - a scroll of fog {unknown}
 r - a scroll of identify {unknown}
Potions
 e - a potion of heal wounds {unknown}
 g - a potion of curing {unknown}
 m - a potion of magic {unknown}
 s - a potion of attraction {unknown}


   Skills:
 + Level 3.8 Fighting
 + Level 3.6 Staves
 + Level 4.5 Armour
 + Level 1.0 Dodging
 + Level 0.3 Stealth
 + Level 4.1 Shields


You had 4 spell levels left.
You didn't know any spells.
Your spell library contained the following spells:

 Spells                   Type           Power      Damage    Failure   Level
 Passwall                 Tmut/Erth      0%         N/A       99%         2
 Invisibility             Hex            0%         N/A       100%        6
 Swiftness                Air            Unusable   N/A       N/A         3

Dungeon Overview and Level Annotations

Branches:
Dungeon (3/15)

Altars:
Wu Jian
Ignis

Shops:
D:2 ([


Innate Abilities, Weirdness & Mutations

You cannot be hasted, slowed, berserked, paralysed or teleported.
You can dig through walls and to a lower floor.
You have a pair of large antennae on your head. (SInv)
Your four strong arms can wield two-handed weapons with a shield.


Message History

You are no longer poisoned.
You block the adder's attack.
You dig through the rock wall.
You retract your mandibles.
You closely miss the adder. The adder bites you but does no damage.
The adder bites you.
You hit the adder.
The adder is heavily wounded.
The adder bites you.
You are poisoned.
The adder poisons you! The orc closely misses you.
You block the adder's attack.
You hit the adder.
The adder is severely wounded.
You feel very sick. You block the orc's attack.
The adder bites you but does no damage.
You miss the adder.
The adder is severely wounded.
You feel sick. The adder barely misses you. You block the orc's attack.
The adder bites you.
* * * LOW HITPOINT WARNING * * *
You sock the adder!
You kill the adder!
You feel sick. You block the orc's attack. x2
You feel sick. The orc barely misses you. The orc hits you but does no damage.
You see here an adder corpse.
You hit the orc.
The orc is severely wounded.
You feel sick.
You are no longer poisoned.
The orc hits you but does no damage. You block the orc's attack.
The orc hits you with a +0 war axe.
* * * LOW HITPOINT WARNING * * *
The orc barely misses you.
You sock the orc!
You kill the orc!
You block the orc's attack.
You closely miss the orc.
The orc is heavily wounded.
The orc hits you with a +0 mace.
You die...

#.........#
#?........#
#.........#
#.........#
#.........####
#............##
#.........##..#
#.........##.o#### #
######†#####@)...#(#
#.......##....#
#.......)...#...S#
#..<...)###.# .#..
##......# ..$ ..#
#.......# ...# ..
#.......# ..... #
#.....(.........
#.#####..........


You could see an orc.

Vanquished Creatures
  A phantom (D:2)
  2 adders
  2 worms (D:2)
  3 orcs (D:3)
  9 endoplasms
  5 goblins
  6 hobgoblins
  5 jackals
  3 kobolds
  2 quokkas (D:1)
  7 ball pythons
  5 bats
  2 frilled lizards
  3 rats
55 creatures vanquished.

Notes
Turn   | Place    | Note
-------+----------+-------------------------------------------
     0 | D:1      | Sabo the Formicid Fighter began the quest for the Orb.
     0 | D:1      | Reached XP level 1. HP: 18/18 MP: 1/1
   179 | D:1      | Reached XP level 2. HP: 24/24 MP: 2/2
   505 | D:1      | Found a faded altar of an unknown god.
   514 | D:1      | Became a worshipper of Ignis, the Dying Flame
   686 | D:1      | Reached XP level 3. HP: 26/29 MP: 3/3
  1396 | D:1      | You fall into a shaft and drop 1 floor!
  1396 | D:2      | Found Leocwoana's Antique Weapon Emporium.
  1530 | D:2      | Found Iniept's Armour Emporium.
  1807 | D:2      | Noticed a phantom
  1824 | D:2      | Killed a phantom
  1825 | D:2      | Reached XP level 4. HP: 20/37 MP: 4/4
  1825 | D:2      | Reached XP level 5. HP: 22/42 MP: 5/5
  2178 | D:2      | Reached skill level 1 in Dodging
  2494 | D:2      | Found an ornate altar of the Wu Jian Council.
  3031 | D:3      | Slain by an orc

Illustrated notes

Levels and vault maps discovered:
D:1:      zelgadis_glass_arrival_small, layout_basic,
          dreamdust_ecumenical_altar_hidden_monk_grotto, minivault_14
D:2:      layout_loops_ring, basic_altar, serial_shops, nicolae_shop_stone,
          shop, minmay_fractal_squares_5
D:3:      layout_rooms, minmay_fountain_box

Skill      XL: |  1  2  3  4  5 |
---------------+----------------+-----
Shields        | 4 |  4.1
Armour         | 4 |  4.5
Staves         | 3 |  3.6
Dodging        | 1 |  1.0
Fighting       | |  3.8
Stealth        | |  0.3

Action                   |  1- 3 |  4- 6 || total
-------------------------+-------+-------++-------
Melee: Quarterstaff      |   102 |    50 ||   152
Throw: Javelin           |       |     2 ||     2
 Abil: Dig               |     7 |     6 ||    13
       Shaft Self        |     1 |       ||     1
  Use: Scroll            |       |     1 ||     1
       Potion            |       |     1 ||     1
Armor: Scale mail        |    42 |    27 ||    69
Dodge: Dodged            |    42 |    32 ||    74
Block: Buckler           |    18 |     5 ||    23
       Kite shield       |       |    13 ||    13

Table legend: (Time is in decaauts)
 A = Elapsed time spent in this place.
 B = Non-inter-level travel time spent in this place.
 C = Inter-level travel time spent in this place.
 D = Time resting spent in this place.
 E = Time spent auto-exploring this place.
 F = Levels seen in this place.
 G = Mean time per level.
                   A        B        C        D        E       F      G
               +--------+--------+--------+--------+--------+-----+--------+
         Total |   3071 |   3071 |      0 |    896 |      0 |   3 | 1023.7 |
       Dungeon |   3071 |   3071 |      0 |    896 |      0 |   3 | 1023.7 |
               +--------+--------+--------+--------+--------+-----+--------+

Top non-repeatable levels by time:
     D:2: 1601 daAuts
     D:1: 1417 daAuts
     D:3: 52 daAuts
